Connexion

IceHogs vs Stars

Created - 23 octobre 2023 at 07:29

Goals
1 2 3 T
IceHogs 1 1 2 4
Stars 0 2 1 3
Shots
1 2 3 T
IceHogs 10 10 13 33
Stars 9 10 15 34

GoalsPenalties
1st period
1. IceHogs , Erik Cernak 8 (Colton Sceviour 12, Riley Sheahan 15) at 16:01 (PP)
Ilya Lyubushkin (TEX) for Hooking (Minor) at 14:59
Ilya Lyubushkin (TEX) for Hooking (Minor) at 18:17
2nd period
2. IceHogs , Jean-Sébastien Dea 12 (Erik Cernak 18, Brandon Hickey 12) at 0:16 (PP)
3. Stars , Christoph Bertschy 5 (Macoy Erkamps 10, Ilya Lyubushkin 20) at 13:35
4. Stars , Nicolas Beaudin 7 (Joseph Cecconi 11, Kyle Olson 10) at 17:05 (PP)
Ilya Lyubushkin (TEX) for Hooking (Minor) at 1:38
Ilya Lyubushkin (TEX) for Roughing (Minor) at 4:21
Cedric Paquette (RCK) for Cross-checking (Minor) at 4:33
Brendan Gaunce (RCK) for Slashing (Minor) at 16:30
3rd period
5. IceHogs , Jean-Sébastien Dea 13 (Erik Cernak 19) at 7:58
6. Stars , Matthew Strome 5 (Ryan Rupert 7, Ilya Lyubushkin 21) at 10:06
7. IceHogs , Danny O'Regan 11 (Dennis Cholowski 13, Cedric Paquette 6) at 15:15 (PP)
Zack O'Brien (RCK) for Checking from behind (Minor) at 4:09
Cedric Paquette (RCK) for Holding Stick (Minor) at 12:23
Liam Coughlin (TEX) for High sticking (Minor) at 14:33
Goalie Stats
Christopher Gibson (RCK), 31 saves from 34 shots - (0,912), W, 12-6-1, 60:00 minutes
Matthew Villalta (TEX), 29 saves from 33 shots - (0,879), L, 7-9-3, 59:21 minutes
3 StarsOfficial
1 - Erik Cernak (RCK)
2 - Jean-Sébastien Dea (RCK)
3 - Matthew Strome (TEX)
Referees : Steve Kozari and Gord Dwyer
Linesman : Ryan Galloway and Jonny Murray
Game Note
Mathias Norlinder is injured at 4:56 of 2nd period (Lower Body)
Finance
Level 1 -- Attendance: 2000 (100,00%) -- Ticket Income 50 000 $
Level 2 -- Attendance: 1000 (100,00%) -- Ticket Income 15 000 $
Total Attendance: 3000 (100,00%)
Total Ticket Income: 65 000 $
Other Income: 13 000 $
Total Income: 78 000 $



Team Name Goals Shots Shots Attemp Shots Blocked PIM HIT PP PK FO%
IceHogs 43374128223 / 5 (60%)151%
Stars 334721210321 / 4 (25%)349%

IceHogs
Player Name POS G A P +/- PIM HIT SHT SB MP PP MP PP SHT PK MP PK SHT FO% FOT
Alex KileLW0000000014:120:0001:0900% 1
Andrew SturtzRW000-200006:330:0000:0000% 0
Brandon GignacC000000000:460:1400:0000% 0
Brandon HickeyD0111001324:192:4413:0500% 0
Brendan GaunceC/LW000-220207:040:0000:00022% 9
Cameron Gaunce D000-1010020:293:1001:4000% 0
Cedric PaquetteC/LW0111482020:003:0210:36050% 2
Charles HudonLW/RW0000000014:262:5100:0000% 0
Colton SceviourC/LW/RW011-2061121:362:3700:51050% 2
Danny O'ReganC/RW1011002124:173:0323:36050% 2
Dennis CholowskiD011-1004020:293:1031:4000% 0
Erik CernakD1231004324:192:4443:0500% 0
Jack DoughertyD000-1040315:120:0000:0000% 0
Jean-Sébastien DeaC/RW2021006023:593:0323:18058% 40
Mark AltD000-1000115:120:0000:0000% 0
Mikhail VorobyovC0000004013:030:0000:00031% 13
Riley SheahanC0110005014:262:5120:00068% 22
Zack O'BrienC/RW0000232013:020:0000:0000% 1
Stars
Player Name POS G A P +/- PIM HIT SHT SB MP PP MP PP SHT PK MP PK SHT FO% FOT
Brad MorrisonC000000104:400:0000:00043% 7
Christoph BertschyC/LW/RW1012005111:480:0000:320100% 1
Gabriel BourqueLW/RW000-1034024:222:1403:50033% 3
Hudson ElynuikC/LW000-1043021:052:1401:32041% 27
Ilya LyubushkinD0221832225:422:3720:4200% 0
Joseph CecconiD0110022324:022:2011:5500% 0
Kyle OlsonC/RW0110013017:142:3120:0000% 0
Kyle PlatzerC/RW000001105:020:0000:0000% 0
Liam CoughlinC/LW/RW000021004:390:0000:0000% 0
Macoy ErkampsD0110022117:230:5913:5300% 0
Mathias NorlinderD0000010211:100:0003:2400% 0
Matteson IacopelliLW/RW0000061017:142:3110:0000% 0
Matthew StromeLW1012011011:480:0000:320100% 1
Nicholas CaamanoRW000-1053124:222:1413:50027% 15
Nicolas BeaudinD1010001019:091:3411:2700% 0
Patrick McNallyD0001013222:082:0010:2700% 0
Ryan OlsenC0000010019:102:3101:32064% 22
Ryan RupertC/LW0112002011:160:0000:00063% 16



Play-by-Play

1st period


0:01 of 1st period - Jean-Sébastien Dea wins face-off versus Hudson Elynuik in neutral zone.
0:05 of 1st period - Danny O'Regan is hit by Hudson Elynuik and loses puck.
0:26 of 1st period - Off-side.
0:27 of 1st period - Riley Sheahan wins face-off versus Ryan Olsen in neutral zone.
0:35 of 1st period - Riley Sheahan is hit by Matteson Iacopelli and loses puck.
0:52 of 1st period - Shot by Matteson Iacopelli.
0:52 of 1st period - Shot Misses the Net.
0:58 of 1st period - Shot by Kyle Olson.
0:58 of 1st period - Deflect By Matteson Iacopelli.
0:58 of 1st period - Shot Misses the Net.
1:01 of 1st period - Kyle Olson is hit by Cameron Gaunce and loses puck.
1:22 of 1st period - Off-side.
1:23 of 1st period - Brad Morrison wins face-off versus Alex Kile in neutral zone.
1:26 of 1st period - Alex Kile is hit by Liam Coughlin and loses puck.
1:58 of 1st period - Brad Morrison is hit by Zack O'Brien.
2:40 of 1st period - Shot by Gabriel Bourque.
2:40 of 1st period - Shot Blocked by Brandon Hickey.
2:54 of 1st period - Shot by Hudson Elynuik.
2:54 of 1st period - Stopped by Christopher Gibson without a rebound.
2:55 of 1st period - Ryan Rupert wins face-off versus Brendan Gaunce in IceHogs zone.
4:08 of 1st period - Shot by Kyle Olson.
4:08 of 1st period - Deflect By Matteson Iacopelli.
4:08 of 1st period - Shot Blocked by Jack Dougherty.
4:47 of 1st period - Gabriel Bourque is hit by Jack Dougherty and loses puck.
5:22 of 1st period - Shot by Jean-Sébastien Dea.
5:22 of 1st period - Shot Hit the Post.
5:25 of 1st period - Jean-Sébastien Dea is hit by Joseph Cecconi and loses puck.
5:45 of 1st period - Danny O'Regan is hit by Joseph Cecconi and loses puck.
6:11 of 1st period - Dennis Cholowski is hit by Matthew Strome.
6:19 of 1st period - Shot by Colton Sceviour.
6:19 of 1st period - Shot Misses the Net.
6:21 of 1st period - Shot by Dennis Cholowski.
6:21 of 1st period - Stopped by Matthew Villalta without a rebound.
6:22 of 1st period - Ryan Olsen wins face-off versus Brendan Gaunce in Stars zone.
6:35 of 1st period - Brendan Gaunce is hit by Matteson Iacopelli and loses puck.
6:42 of 1st period - Shot by Brendan Gaunce.
6:42 of 1st period - Stopped by Matthew Villalta with a rebound.
6:44 of 1st period - Shot by Andrew Sturtz.
6:44 of 1st period - Shot Blocked by Ilya Lyubushkin.
7:22 of 1st period - Jean-Sébastien Dea is hit by Hudson Elynuik and loses puck.
8:16 of 1st period - Shot by Ryan Rupert.
8:16 of 1st period - Stopped by Christopher Gibson without a rebound.
8:17 of 1st period - Riley Sheahan wins face-off versus Brad Morrison in IceHogs zone.
9:38 of 1st period - Off-side.
9:39 of 1st period - Hudson Elynuik wins face-off versus Mikhail Vorobyov in neutral zone.
9:51 of 1st period - Icing by Dennis Cholowski.
9:52 of 1st period - Ryan Rupert wins face-off versus Mikhail Vorobyov in IceHogs zone.
9:53 of 1st period - Shot by Patrick McNally.
9:53 of 1st period - Stopped by Christopher Gibson with a rebound.
9:55 of 1st period - Shot by Macoy Erkamps.
9:55 of 1st period - Stopped by Christopher Gibson with a rebound.
9:57 of 1st period - Shot by Patrick McNally.
9:57 of 1st period - Shot Misses the Net.
9:59 of 1st period - Shot by Christoph Bertschy.
9:59 of 1st period - Stopped by Christopher Gibson without a rebound.
10:00 of 1st period - Riley Sheahan wins face-off versus Hudson Elynuik in IceHogs zone.
10:11 of 1st period - Shot by Colton Sceviour.
10:11 of 1st period - Stopped by Matthew Villalta without a rebound.
10:12 of 1st period - Ryan Olsen wins face-off versus Jean-Sébastien Dea in Stars zone.
11:02 of 1st period - Cedric Paquette is hit by Mathias Norlinder.
11:24 of 1st period - Shot by Nicholas Caamano.
11:24 of 1st period - Shot Blocked by Danny O'Regan.
11:26 of 1st period - Shot by Nicholas Caamano.
11:26 of 1st period - Stopped by Christopher Gibson without a rebound.
11:27 of 1st period - Ryan Rupert wins face-off versus Colton Sceviour in IceHogs zone.
11:32 of 1st period - Shot by Ryan Rupert.
11:32 of 1st period - Deflect By Matthew Strome.
11:32 of 1st period - Shot Blocked by Erik Cernak.
11:34 of 1st period - Shot by Ryan Rupert.
11:34 of 1st period - Stopped by Christopher Gibson without a rebound.
11:35 of 1st period - Riley Sheahan wins face-off versus Ryan Rupert in IceHogs zone.
12:02 of 1st period - Shot by Christoph Bertschy.
12:02 of 1st period - Shot Blocked by Brandon Hickey.
12:08 of 1st period - Shot by Christoph Bertschy.
12:08 of 1st period - Shot Misses the Net.
12:19 of 1st period - Icing by Erik Cernak.
12:20 of 1st period - Riley Sheahan wins face-off versus Hudson Elynuik in IceHogs zone.
12:20 of 1st period - Riley Sheahan is hit by Hudson Elynuik.
12:54 of 1st period - Shot by Hudson Elynuik.
12:54 of 1st period - Stopped by Christopher Gibson without a rebound.
12:55 of 1st period - Ryan Olsen wins face-off versus Mikhail Vorobyov in IceHogs zone.
13:49 of 1st period - Dennis Cholowski is hit by Matteson Iacopelli and loses puck.
14:21 of 1st period - Icing by Mathias Norlinder.
14:22 of 1st period - Hudson Elynuik wins face-off versus Brendan Gaunce in Stars zone.
14:22 of 1st period - Hudson Elynuik is hit by Colton Sceviour.
14:59 of 1st period - Minor Penalty to Ilya Lyubushkin for Hooking.
15:00 of 1st period - Nicholas Caamano wins face-off versus Cedric Paquette in Stars zone.
15:00 of 1st period - Gabriel Bourque is hit by Cedric Paquette and loses puck.
15:15 of 1st period - Shot by Cameron Gaunce .
15:15 of 1st period - Shot Misses the Net.
15:17 of 1st period - Shot by Cameron Gaunce .
15:17 of 1st period - Shot Blocked by Joseph Cecconi.
15:19 of 1st period - Shot by Danny O'Regan.
15:19 of 1st period - Shot Blocked by Joseph Cecconi.
15:21 of 1st period - Shot by Danny O'Regan.
15:21 of 1st period - Deflect By Jean-Sébastien Dea.
15:21 of 1st period - Shot Misses the Net.
15:25 of 1st period - Shot by Danny O'Regan.
15:25 of 1st period - Shot Misses the Net.
15:27 of 1st period - Shot by Danny O'Regan.
15:27 of 1st period - Shot Misses the Net.
15:29 of 1st period - Shot by Dennis Cholowski.
15:29 of 1st period - Shot Misses the Net.
15:31 of 1st period - Shot by Cameron Gaunce .
15:31 of 1st period - Shot Blocked by Joseph Cecconi.
15:33 of 1st period - Shot by Danny O'Regan.
15:33 of 1st period - Shot Misses the Net.
15:35 of 1st period - Shot by Jean-Sébastien Dea.
15:35 of 1st period - Stopped by Matthew Villalta without a rebound.
15:36 of 1st period - Riley Sheahan wins face-off versus Nicholas Caamano in Stars zone.
15:59 of 1st period - Shot by Colton Sceviour.
15:59 of 1st period - Shot Blocked by Nicholas Caamano.
16:01 of 1st period - Shot by Erik Cernak.
16:01 of 1st period - Goal by Erik Cernak - IceHogs : 1 - Stars : 0.
16:02 of 1st period - Ryan Olsen wins face-off versus Zack O'Brien in neutral zone.
16:05 of 1st period - Zack O'Brien is hit by Ryan Olsen and loses puck.
16:10 of 1st period - Shot by Kyle Olson.
16:10 of 1st period - Shot Misses the Net.
16:12 of 1st period - Shot by Joseph Cecconi.
16:12 of 1st period - Shot Blocked by Mark Alt.
16:14 of 1st period - Shot by Kyle Olson.
16:14 of 1st period - Stopped by Christopher Gibson without a rebound.
16:15 of 1st period - Jean-Sébastien Dea wins face-off versus Ryan Rupert in IceHogs zone.
16:29 of 1st period - Icing by Dennis Cholowski.
16:30 of 1st period - Jean-Sébastien Dea wins face-off versus Ryan Olsen in IceHogs zone.
16:39 of 1st period - Shot by Jean-Sébastien Dea.
16:39 of 1st period - Stopped by Matthew Villalta without a rebound.
16:40 of 1st period - Riley Sheahan wins face-off versus Gabriel Bourque in Stars zone.
16:49 of 1st period - Erik Cernak is hit by Gabriel Bourque.
16:55 of 1st period - Colton Sceviour is hit by Nicholas Caamano and loses puck.
17:09 of 1st period - Icing by Brandon Hickey.
17:10 of 1st period - Riley Sheahan wins face-off versus Ryan Rupert in IceHogs zone.
18:17 of 1st period - Minor Penalty to Ilya Lyubushkin for Hooking.
18:18 of 1st period - Cedric Paquette wins face-off versus Nicholas Caamano in Stars zone.
18:27 of 1st period - Shot by Cedric Paquette.
18:27 of 1st period - Stopped by Matthew Villalta without a rebound.
18:28 of 1st period - Nicholas Caamano wins face-off versus Riley Sheahan in Stars zone.
18:28 of 1st period - Nicholas Caamano is hit by Colton Sceviour.
18:40 of 1st period - Mathias Norlinder is hit by Colton Sceviour and loses puck.
18:57 of 1st period - Shot by Dennis Cholowski.
18:57 of 1st period - Stopped by Matthew Villalta without a rebound.
18:58 of 1st period - Jean-Sébastien Dea wins face-off versus Nicholas Caamano in Stars zone.
19:15 of 1st period - Shot by Danny O'Regan.
19:15 of 1st period - Deflect By Jean-Sébastien Dea.
19:15 of 1st period - Shot Misses the Net.
19:19 of 1st period - Shot by Cedric Paquette.
19:19 of 1st period - Shot Misses the Net.
19:21 of 1st period - Shot by Erik Cernak.
19:21 of 1st period - Stopped by Matthew Villalta with a rebound.
19:23 of 1st period - Shot by Erik Cernak.
19:23 of 1st period - Shot Misses the Net.
19:25 of 1st period - Shot by Erik Cernak.
19:25 of 1st period - Stopped by Matthew Villalta without a rebound.
19:26 of 1st period - Riley Sheahan wins face-off versus Hudson Elynuik in Stars zone.
19:35 of 1st period - Shot by Cameron Gaunce .
19:35 of 1st period - Shot Misses the Net.
Goals for this period are 1 for IceHogs vs 0 for Stars.
Shots for this period are 10 for IceHogs vs 9 for Stars.

2nd period


0:01 of 2nd period - Jean-Sébastien Dea wins face-off versus Nicholas Caamano in neutral zone.
0:14 of 2nd period - Shot by Erik Cernak.
0:14 of 2nd period - Stopped by Matthew Villalta with a rebound.
0:16 of 2nd period - Shot by Jean-Sébastien Dea.
0:16 of 2nd period - Goal by Jean-Sébastien Dea - IceHogs : 2 - Stars : 0.
0:17 of 2nd period - Ryan Olsen wins face-off versus Brendan Gaunce in neutral zone.
1:38 of 2nd period - Minor Penalty to Ilya Lyubushkin for Hooking.
1:39 of 2nd period - Jean-Sébastien Dea wins face-off versus Gabriel Bourque in Stars zone.
1:51 of 2nd period - Danny O'Regan is hit by Macoy Erkamps and loses puck.
2:00 of 2nd period - Shot by Dennis Cholowski.
2:00 of 2nd period - Stopped by Matthew Villalta without a rebound.
2:01 of 2nd period - Hudson Elynuik wins face-off versus Riley Sheahan in Stars zone.
3:01 of 2nd period - Shot by Dennis Cholowski.
3:01 of 2nd period - Shot Misses the Net.
3:16 of 2nd period - Ryan Olsen is hit by Cedric Paquette and loses puck.
4:00 of 2nd period - Shot by Mark Alt.
4:00 of 2nd period - Shot Misses the Net.
4:09 of 2nd period - Off-side.
4:10 of 2nd period - Brendan Gaunce wins face-off versus Ryan Rupert in neutral zone.
4:21 of 2nd period - Minor Penalty to Ilya Lyubushkin for Roughing.
4:22 of 2nd period - Jean-Sébastien Dea wins face-off versus Nicholas Caamano in Stars zone.
4:25 of 2nd period - Shot by Cameron Gaunce .
4:25 of 2nd period - Shot Blocked by Mathias Norlinder.
4:27 of 2nd period - Shot by Cedric Paquette.
4:27 of 2nd period - Shot Misses the Net.
4:29 of 2nd period - Shot by Danny O'Regan.
4:29 of 2nd period - Stopped by Matthew Villalta with a rebound.
4:31 of 2nd period - Shot by Dennis Cholowski.
4:31 of 2nd period - Stopped by Matthew Villalta without a rebound.
4:32 of 2nd period - Nicholas Caamano wins face-off versus Jean-Sébastien Dea in Stars zone.
4:32 of 2nd period - Gabriel Bourque is hit by Cedric Paquette and loses puck.
4:33 of 2nd period - Minor Penalty to Cedric Paquette for Cross-checking.
4:34 of 2nd period - Nicholas Caamano wins face-off versus Jean-Sébastien Dea in IceHogs zone.
4:41 of 2nd period - Shot by Nicholas Caamano.
4:41 of 2nd period - Stopped by Christopher Gibson without a rebound.
4:42 of 2nd period - Jean-Sébastien Dea wins face-off versus Nicholas Caamano in IceHogs zone.
4:42 of 2nd period - Jean-Sébastien Dea is hit by Nicholas Caamano.
4:47 of 2nd period - Erik Cernak is hit by Nicholas Caamano and loses puck.
4:56 of 2nd period - Shot by Jean-Sébastien Dea.
4:56 of 2nd period - Deflect By Danny O'Regan.
4:56 of 2nd period - Shot Blocked by Mathias Norlinder.
4:56 of 2nd period - Mathias Norlinder from Stars is injured at 4:56 of 2nd period (Lower Body).
4:57 of 2nd period - Jean-Sébastien Dea wins face-off versus Nicholas Caamano in Stars zone.
5:08 of 2nd period - Shot by Jean-Sébastien Dea.
5:08 of 2nd period - Stopped by Matthew Villalta without a rebound.
5:09 of 2nd period - Jean-Sébastien Dea wins face-off versus Nicholas Caamano in Stars zone.
5:16 of 2nd period - Shot by Jean-Sébastien Dea.
5:16 of 2nd period - Shot Misses the Net.
6:08 of 2nd period - Shot by Brendan Gaunce.
6:08 of 2nd period - Shot Misses the Net.
6:57 of 2nd period - Icing by Zack O'Brien.
6:58 of 2nd period - Brad Morrison wins face-off versus Mikhail Vorobyov in IceHogs zone.
7:02 of 2nd period - Kyle Platzer is hit by Jack Dougherty and loses puck.
7:21 of 2nd period - Off-side.
7:22 of 2nd period - Ryan Olsen wins face-off versus Riley Sheahan in neutral zone.
7:49 of 2nd period - Ilya Lyubushkin is hit by Colton Sceviour and loses puck.
7:55 of 2nd period - Off-side.
7:56 of 2nd period - Hudson Elynuik wins face-off versus Jean-Sébastien Dea in neutral zone.
8:07 of 2nd period - Shot by Jean-Sébastien Dea.
8:07 of 2nd period - Shot Misses the Net.
8:50 of 2nd period - Off-side.
8:51 of 2nd period - Ryan Olsen wins face-off versus Riley Sheahan in neutral zone.
9:20 of 2nd period - Shot by Patrick McNally.
9:20 of 2nd period - Stopped by Christopher Gibson without a rebound.
9:21 of 2nd period - Mikhail Vorobyov wins face-off versus Ryan Rupert in IceHogs zone.
9:40 of 2nd period - Shot by Zack O'Brien.
9:40 of 2nd period - Stopped by Matthew Villalta without a rebound.
9:41 of 2nd period - Jean-Sébastien Dea wins face-off versus Brad Morrison in Stars zone.
10:14 of 2nd period - Shot by Brad Morrison.
10:14 of 2nd period - Stopped by Christopher Gibson without a rebound.
10:15 of 2nd period - Riley Sheahan wins face-off versus Hudson Elynuik in IceHogs zone.
10:25 of 2nd period - Gabriel Bourque is hit by Colton Sceviour and loses puck.
10:46 of 2nd period - Shot by Hudson Elynuik.
10:46 of 2nd period - Stopped by Christopher Gibson with a rebound.
10:48 of 2nd period - Shot by Nicolas Beaudin.
10:48 of 2nd period - Shot Blocked by Brandon Hickey.
10:50 of 2nd period - Shot by Joseph Cecconi.
10:50 of 2nd period - Stopped by Christopher Gibson with a rebound.
10:52 of 2nd period - Shot by Nicholas Caamano.
10:52 of 2nd period - Shot Misses the Net.
12:02 of 2nd period - Icing by Cameron Gaunce .
12:03 of 2nd period - Ryan Rupert wins face-off versus Jean-Sébastien Dea in IceHogs zone.
12:10 of 2nd period - Shot by Christoph Bertschy.
12:10 of 2nd period - Stopped by Christopher Gibson without a rebound.
12:11 of 2nd period - Jean-Sébastien Dea wins face-off versus Hudson Elynuik in IceHogs zone.
12:11 of 2nd period - Jean-Sébastien Dea is hit by Hudson Elynuik.
12:19 of 2nd period - Gabriel Bourque is hit by Cedric Paquette and loses puck.
12:35 of 2nd period - Shot by Brandon Hickey.
12:35 of 2nd period - Shot Misses the Net.
13:17 of 2nd period - Icing by Ilya Lyubushkin.
13:18 of 2nd period - Brendan Gaunce wins face-off versus Ryan Rupert in Stars zone.
13:35 of 2nd period - Shot by Christoph Bertschy.
13:35 of 2nd period - Goal by Christoph Bertschy - IceHogs : 2 - Stars : 1.
13:36 of 2nd period - Ryan Olsen wins face-off versus Mikhail Vorobyov in neutral zone.
13:39 of 2nd period - Alex Kile is hit by Matteson Iacopelli and loses puck.
13:44 of 2nd period - Shot by Matteson Iacopelli.
13:44 of 2nd period - Shot Misses the Net.
13:50 of 2nd period - Shot by Matteson Iacopelli.
13:50 of 2nd period - Shot Blocked by Jack Dougherty.
13:57 of 2nd period - Matteson Iacopelli is hit by Jack Dougherty and loses puck.
14:06 of 2nd period - Shot by Matteson Iacopelli.
14:06 of 2nd period - Shot Blocked by Jack Dougherty.
14:27 of 2nd period - Christoph Bertschy is hit by Jack Dougherty.
15:06 of 2nd period - Shot by Gabriel Bourque.
15:06 of 2nd period - Shot Misses the Net.
15:08 of 2nd period - Shot by Gabriel Bourque.
15:08 of 2nd period - Stopped by Christopher Gibson without a rebound.
15:09 of 2nd period - Brad Morrison wins face-off versus Jean-Sébastien Dea in IceHogs zone.
15:14 of 2nd period - Shot by Kyle Platzer.
15:14 of 2nd period - Stopped by Christopher Gibson without a rebound.
15:15 of 2nd period - Jean-Sébastien Dea wins face-off versus Hudson Elynuik in IceHogs zone.
15:17 of 2nd period - Icing by Brandon Hickey.
15:18 of 2nd period - Danny O'Regan wins face-off versus Hudson Elynuik in IceHogs zone.
15:18 of 2nd period - Danny O'Regan is hit by Nicholas Caamano.
15:30 of 2nd period - Shot by Jean-Sébastien Dea.
15:30 of 2nd period - Shot Blocked by Ilya Lyubushkin.
15:32 of 2nd period - Shot by Jean-Sébastien Dea.
15:32 of 2nd period - Shot Misses the Net.
15:42 of 2nd period - Shot by Hudson Elynuik.
15:42 of 2nd period - Shot Misses the Net.
15:56 of 2nd period - Shot by Cedric Paquette.
15:56 of 2nd period - Shot Misses the Net.
15:58 of 2nd period - Shot by Erik Cernak.
15:58 of 2nd period - Shot Blocked by Patrick McNally.
16:08 of 2nd period - Shot by Riley Sheahan.
16:08 of 2nd period - Stopped by Matthew Villalta without a rebound.
16:09 of 2nd period - Riley Sheahan wins face-off versus Ryan Olsen in Stars zone.
16:28 of 2nd period - Shot by Charles Hudon.
16:28 of 2nd period - Deflect By Riley Sheahan.
16:28 of 2nd period - Stopped by Matthew Villalta without a rebound.
16:29 of 2nd period - Ryan Rupert wins face-off versus Brendan Gaunce in Stars zone.
16:29 of 2nd period - Ryan Rupert is hit by Colton Sceviour.
16:30 of 2nd period - Minor Penalty to Brendan Gaunce for Slashing.
16:31 of 2nd period - Jean-Sébastien Dea wins face-off versus Ryan Olsen in IceHogs zone.
16:31 of 2nd period - Jean-Sébastien Dea is hit by Matteson Iacopelli.
17:03 of 2nd period - Shot by Nicolas Beaudin.
17:03 of 2nd period - Shot Misses the Net.
17:05 of 2nd period - Shot by Nicolas Beaudin.
17:05 of 2nd period - Goal by Nicolas Beaudin - IceHogs : 2 - Stars : 2.
17:06 of 2nd period - Riley Sheahan wins face-off versus Hudson Elynuik in neutral zone.
18:21 of 2nd period - Icing by Ilya Lyubushkin.
18:22 of 2nd period - Ryan Rupert wins face-off versus Jean-Sébastien Dea in Stars zone.
18:26 of 2nd period - Icing by Ryan Rupert.
18:27 of 2nd period - Ryan Rupert wins face-off versus Jean-Sébastien Dea in Stars zone.
18:48 of 2nd period - Shot by Ryan Rupert.
18:48 of 2nd period - Shot Misses the Net.
19:19 of 2nd period - Icing by Ilya Lyubushkin.
19:20 of 2nd period - Mikhail Vorobyov wins face-off versus Ryan Olsen in Stars zone.
19:20 of 2nd period - Mikhail Vorobyov is hit by Ilya Lyubushkin.
19:30 of 2nd period - Shot by Mikhail Vorobyov.
19:30 of 2nd period - Stopped by Matthew Villalta without a rebound.
19:31 of 2nd period - Hudson Elynuik wins face-off versus Brendan Gaunce in Stars zone.
19:40 of 2nd period - Shot by Gabriel Bourque.
19:40 of 2nd period - Shot Misses the Net.
19:42 of 2nd period - Shot by Hudson Elynuik.
19:42 of 2nd period - Shot Misses the Net.
19:44 of 2nd period - Shot by Hudson Elynuik.
19:44 of 2nd period - Shot Misses the Net.
Goals for this period are 1 for IceHogs vs 2 for Stars.
Shots for this period are 10 for IceHogs vs 10 for Stars.

3rd period


0:01 of 3rd period - Gabriel Bourque wins face-off versus Jean-Sébastien Dea in neutral zone.
0:24 of 3rd period - Shot by Jean-Sébastien Dea.
0:24 of 3rd period - Shot Misses the Net.
0:26 of 3rd period - Shot by Cedric Paquette.
0:26 of 3rd period - Shot Misses the Net.
0:38 of 3rd period - Shot by Cedric Paquette.
0:38 of 3rd period - Stopped by Matthew Villalta with a rebound.
0:40 of 3rd period - Shot by Jean-Sébastien Dea.
0:40 of 3rd period - Shot Blocked by Patrick McNally.
0:55 of 3rd period - Brendan Gaunce is hit by Patrick McNally and loses puck.
1:10 of 3rd period - Shot by Brendan Gaunce.
1:10 of 3rd period - Shot Misses the Net.
1:12 of 3rd period - Shot by Andrew Sturtz.
1:12 of 3rd period - Shot Misses the Net.
1:17 of 3rd period - Andrew Sturtz is hit by Ilya Lyubushkin and loses puck.
1:22 of 3rd period - Shot by Brendan Gaunce.
1:22 of 3rd period - Stopped by Matthew Villalta with a rebound.
1:57 of 3rd period - Shot by Mikhail Vorobyov.
1:57 of 3rd period - Stopped by Matthew Villalta without a rebound.
1:58 of 3rd period - Ryan Olsen wins face-off versus Jean-Sébastien Dea in Stars zone.
3:06 of 3rd period - Shot by Macoy Erkamps.
3:06 of 3rd period - Shot Blocked by Colton Sceviour.
3:08 of 3rd period - Shot by Ryan Rupert.
3:08 of 3rd period - Deflect By Christoph Bertschy.
3:08 of 3rd period - Stopped by Christopher Gibson without a rebound.
3:09 of 3rd period - Mikhail Vorobyov wins face-off versus Brad Morrison in IceHogs zone.
3:09 of 3rd period - Mikhail Vorobyov is hit by Kyle Platzer.
3:12 of 3rd period - Icing by Dennis Cholowski.
3:13 of 3rd period - Mikhail Vorobyov wins face-off versus Brad Morrison in IceHogs zone.
3:18 of 3rd period - Shot by Zack O'Brien.
3:18 of 3rd period - Stopped by Matthew Villalta without a rebound.
3:19 of 3rd period - Matthew Strome wins face-off versus Mikhail Vorobyov in Stars zone.
3:19 of 3rd period - Ryan Rupert is hit by Zack O'Brien and loses puck.
4:00 of 3rd period - Ryan Rupert is hit by Zack O'Brien and loses puck.
4:09 of 3rd period - Minor Penalty to Zack O'Brien for Checking from behind.
4:10 of 3rd period - Jean-Sébastien Dea wins face-off versus Ryan Olsen in IceHogs zone.
4:10 of 3rd period - Jean-Sébastien Dea is hit by Matteson Iacopelli.
4:17 of 3rd period - Icing by Ryan Olsen.
4:18 of 3rd period - Ryan Olsen wins face-off versus Jean-Sébastien Dea in Stars zone.
4:24 of 3rd period - Shot by Patrick McNally.
4:24 of 3rd period - Shot Misses the Net.
4:26 of 3rd period - Shot by Matteson Iacopelli.
4:26 of 3rd period - Shot Misses the Net.
4:28 of 3rd period - Shot by Matteson Iacopelli.
4:28 of 3rd period - Stopped by Christopher Gibson without a rebound.
4:29 of 3rd period - Jean-Sébastien Dea wins face-off versus Hudson Elynuik in IceHogs zone.
4:29 of 3rd period - Jean-Sébastien Dea is hit by Gabriel Bourque.
4:39 of 3rd period - Shot by Nicholas Caamano.
4:39 of 3rd period - Shot Misses the Net.
4:41 of 3rd period - Shot by Nicholas Caamano.
4:41 of 3rd period - Stopped by Christopher Gibson without a rebound.
4:42 of 3rd period - Ryan Olsen wins face-off versus Jean-Sébastien Dea in IceHogs zone.
4:56 of 3rd period - Shot by Ilya Lyubushkin.
4:56 of 3rd period - Stopped by Christopher Gibson with a rebound.
4:58 of 3rd period - Shot by Matteson Iacopelli.
4:58 of 3rd period - Shot Misses the Net.
5:00 of 3rd period - Shot by Macoy Erkamps.
5:00 of 3rd period - Shot Misses the Net.
5:02 of 3rd period - Shot by Macoy Erkamps.
5:02 of 3rd period - Stopped by Christopher Gibson with a rebound.
5:06 of 3rd period - Shot by Kyle Olson.
5:06 of 3rd period - Stopped by Christopher Gibson without a rebound.
5:07 of 3rd period - Hudson Elynuik wins face-off versus Jean-Sébastien Dea in IceHogs zone.
5:08 of 3rd period - Shot by Joseph Cecconi.
5:08 of 3rd period - Stopped by Christopher Gibson without a rebound.
5:09 of 3rd period - Jean-Sébastien Dea wins face-off versus Hudson Elynuik in IceHogs zone.
5:26 of 3rd period - Shot by Nicholas Caamano.
5:26 of 3rd period - Shot Hit the Post.
6:57 of 3rd period - Icing by Jack Dougherty.
6:58 of 3rd period - Ryan Olsen wins face-off versus Riley Sheahan in IceHogs zone.
7:20 of 3rd period - Shot by Kyle Olson.
7:20 of 3rd period - Shot Misses the Net.
7:22 of 3rd period - Shot by Matteson Iacopelli.
7:22 of 3rd period - Shot Misses the Net.
7:46 of 3rd period - Shot by Gabriel Bourque.
7:46 of 3rd period - Stopped by Christopher Gibson without a rebound.
7:47 of 3rd period - Hudson Elynuik wins face-off versus Danny O'Regan in IceHogs zone.
7:58 of 3rd period - Shot by Jean-Sébastien Dea.
7:58 of 3rd period - Goal by Jean-Sébastien Dea - IceHogs : 3 - Stars : 2.
7:59 of 3rd period - Ryan Rupert wins face-off versus Mikhail Vorobyov in neutral zone.
8:16 of 3rd period - Shot by Mikhail Vorobyov.
8:16 of 3rd period - Stopped by Matthew Villalta without a rebound.
8:17 of 3rd period - Hudson Elynuik wins face-off versus Jean-Sébastien Dea in Stars zone.
8:17 of 3rd period - Hudson Elynuik is hit by Cedric Paquette.
8:22 of 3rd period - Off-side.
8:23 of 3rd period - Jean-Sébastien Dea wins face-off versus Hudson Elynuik in neutral zone.
8:30 of 3rd period - Shot by Brandon Hickey.
8:30 of 3rd period - Shot Misses the Net.
8:44 of 3rd period - Shot by Gabriel Bourque.
8:44 of 3rd period - Stopped by Christopher Gibson without a rebound.
8:45 of 3rd period - Ryan Olsen wins face-off versus Mikhail Vorobyov in IceHogs zone.
9:18 of 3rd period - Shot by Zack O'Brien.
9:18 of 3rd period - Shot Misses the Net.
9:34 of 3rd period - Off-side.
9:35 of 3rd period - Hudson Elynuik wins face-off versus Jean-Sébastien Dea in neutral zone.
9:35 of 3rd period - Hudson Elynuik is hit by Cedric Paquette.
9:51 of 3rd period - Shot by Gabriel Bourque.
9:51 of 3rd period - Stopped by Christopher Gibson without a rebound.
9:52 of 3rd period - Ryan Rupert wins face-off versus Brendan Gaunce in IceHogs zone.
10:06 of 3rd period - Shot by Matthew Strome.
10:06 of 3rd period - Goal by Matthew Strome - IceHogs : 3 - Stars : 3.
10:07 of 3rd period - Jean-Sébastien Dea wins face-off versus Hudson Elynuik in neutral zone.
10:07 of 3rd period - Brandon Hickey is hit by Nicholas Caamano and loses puck.
10:33 of 3rd period - Hudson Elynuik is hit by Cedric Paquette and loses puck.
11:58 of 3rd period - Shot by Mikhail Vorobyov.
11:58 of 3rd period - Stopped by Matthew Villalta with a rebound.
12:00 of 3rd period - Shot by Jack Dougherty.
12:00 of 3rd period - Shot Misses the Net.
12:02 of 3rd period - Shot by Jack Dougherty.
12:02 of 3rd period - Shot Blocked by Christoph Bertschy.
12:16 of 3rd period - Shot by Mikhail Vorobyov.
12:16 of 3rd period - Shot Blocked by Macoy Erkamps.
12:18 of 3rd period - Shot by Zack O'Brien.
12:18 of 3rd period - Shot Misses the Net.
12:23 of 3rd period - Minor Penalty to Cedric Paquette for Holding Stick.
12:24 of 3rd period - Jean-Sébastien Dea wins face-off versus Hudson Elynuik in IceHogs zone.
13:09 of 3rd period - Shot by Kyle Olson.
13:09 of 3rd period - Shot Misses the Net.
13:11 of 3rd period - Shot by Ilya Lyubushkin.
13:11 of 3rd period - Stopped by Christopher Gibson with a rebound.
13:13 of 3rd period - Shot by Ryan Olsen.
13:13 of 3rd period - Deflect By Kyle Olson.
13:13 of 3rd period - Stopped by Christopher Gibson without a rebound.
13:14 of 3rd period - Jean-Sébastien Dea wins face-off versus Ryan Olsen in IceHogs zone.
13:41 of 3rd period - Shot by Patrick McNally.
13:41 of 3rd period - Stopped by Christopher Gibson without a rebound.
13:42 of 3rd period - Colton Sceviour wins face-off versus Hudson Elynuik in IceHogs zone.
14:21 of 3rd period - Brandon Hickey is hit by Gabriel Bourque and loses puck.
14:33 of 3rd period - Minor Penalty to Liam Coughlin for High sticking.
14:34 of 3rd period - Riley Sheahan wins face-off versus Nicholas Caamano in Stars zone.
14:39 of 3rd period - Shot by Brandon Hickey.
14:39 of 3rd period - Stopped by Matthew Villalta without a rebound.
14:40 of 3rd period - Riley Sheahan wins face-off versus Nicholas Caamano in Stars zone.
14:43 of 3rd period - Shot by Riley Sheahan.
14:43 of 3rd period - Stopped by Matthew Villalta without a rebound.
14:44 of 3rd period - Riley Sheahan wins face-off versus Nicholas Caamano in Stars zone.
14:44 of 3rd period - Brandon Hickey is hit by Ilya Lyubushkin and loses puck.
14:59 of 3rd period - Shot by Riley Sheahan.
14:59 of 3rd period - Stopped by Matthew Villalta without a rebound.
15:00 of 3rd period - Jean-Sébastien Dea wins face-off versus Hudson Elynuik in Stars zone.
15:15 of 3rd period - Shot by Danny O'Regan.
15:15 of 3rd period - Goal by Danny O'Regan - IceHogs : 4 - Stars : 3.
15:16 of 3rd period - Christoph Bertschy wins face-off versus Riley Sheahan in neutral zone.
15:21 of 3rd period - Shot by Joseph Cecconi.
15:21 of 3rd period - Shot Blocked by Erik Cernak.
15:23 of 3rd period - Shot by Ryan Rupert.
15:23 of 3rd period - Shot Misses the Net.
15:25 of 3rd period - Shot by Joseph Cecconi.
15:25 of 3rd period - Shot Blocked by Erik Cernak.
15:27 of 3rd period - Shot by Christoph Bertschy.
15:27 of 3rd period - Stopped by Christopher Gibson without a rebound.
15:28 of 3rd period - Jean-Sébastien Dea wins face-off versus Ryan Olsen in IceHogs zone.
15:28 of 3rd period - Jean-Sébastien Dea is hit by Kyle Olson.
16:07 of 3rd period - Cameron Gaunce is hit by Macoy Erkamps and loses puck.
16:37 of 3rd period - Icing by Joseph Cecconi.
16:38 of 3rd period - Hudson Elynuik wins face-off versus Riley Sheahan in Stars zone.
17:13 of 3rd period - Shot by Riley Sheahan.
17:13 of 3rd period - Stopped by Matthew Villalta without a rebound.
17:14 of 3rd period - Ryan Rupert wins face-off versus Mikhail Vorobyov in Stars zone.
17:27 of 3rd period - Shot by Ryan Rupert.
17:27 of 3rd period - Deflect By Matthew Strome.
17:27 of 3rd period - Shot Misses the Net.
18:56 of 3rd period - Icing by Nicolas Beaudin.
18:57 of 3rd period - Ryan Olsen wins face-off versus Jean-Sébastien Dea in Stars zone.
18:57 of 3rd period - Ryan Olsen is hit by Cedric Paquette.
19:13 of 3rd period - Shot by Jean-Sébastien Dea.
19:13 of 3rd period - Stopped by Matthew Villalta without a rebound.
19:14 of 3rd period - Hudson Elynuik wins face-off versus Jean-Sébastien Dea in Stars zone.
19:21 of 3rd period - Stars, Matthew Villalta is pulled from the net.
19:21 of 3rd period - Shot by Nicholas Caamano.
19:21 of 3rd period - Shot Misses the Net.
Goals for this period are 2 for IceHogs vs 1 for Stars.
Shots for this period are 13 for IceHogs vs 15 for Stars.